 Dungeon Crawl Stone Soup version 0.31.0-11-ge490571c62 (webtiles) character file.

Game seed: 17185410622376338203

2648704 monsoonserge the Djinni of Death (level 27, 182/182 HPs)
             Began as a Djinni Warper on Jan 26, 2024.
             Was an Initiate of Gozag.
             Escaped with the Orb
             ... and 5 runes on Jan 27, 2024!
             The game lasted 12:22:31 (92361 turns).

monsoonserge the Djinni of Death (Djinni Warper)   Turns: 92361, Time: 12:22:31

Health: 182/182    AC: 29    Str: 13    XL:     27
Gold:   15709      EV: 31    Int: 33    God:    Gozag SH: 30 Dex: 13

rFire   + + +        P - +5 sling "Ucont" {freeze, rElec rF- rC++ MP+9}
rCold   + + .        u - +2 tower shield {AC+3}
rNeg    + . .        Y - +5 faerie dragon scales {+Blink rF++ rC+ Will- rCorr}
rPois   ∞            S - +2 helmet {Int+3}
rElec   +            b - scarf {repulsion}
rCorr   +            o - +2 pair of gloves {Stlth+}
SInv    .            (boots unavailable)
Will    ++++.        A - amulet "Weqa" {Reflect Will+++ SH+5}
Stlth   ++           J - ring of Syar Eno {rN+ EV+5 Str+3 Int+3 Stlth+}
HPRegen 0.50/turn    v - ring of the Hare {EV+10}
MPRegen 0.00/turn

%: repel missiles, reflection
@: flying, studying 2 skills
A: sickness immunity, fire resistance 2, cold vulnerability 1, float, innate
caster, HP casting, extra vitality 1, iridescent scales 1, dopey 1, mutation
resistance 1
0: Orb of Zot
}: 5/15 runes: decaying, serpentine, slimy, silver, abyssal
a: Renounce Religion, Evoke Blink, Potion Petition, Call Merchant, Bribe Branch


You escaped.
You worshipped Gozag.
Gozag was extremely pleased with you.
You visited 13 branches of the dungeon, and saw 57 of its levels.
You visited the Abyss 1 time.
You visited 1 bazaar.
You also visited: Trove and Bailey.

You collected 36394 gold pieces.
You spent 7350 gold pieces at shops.
You paid 13335 gold pieces to Gozag.

Inventory:

Hand Weapons
 g - the +5 spear of False Accusations {drain, *Corrode rC+ rN++ Int+3}
   (You took it off a draconian scorcher on level 2 of the Realm of Zot)

   Int+3:     It affects your intelligence (+3).
   rC+:       It protects you from cold.
   rN++:      It greatly protects you from negative energy.
   *Corrode:  It may corrode you when you take damage.
 r - the +0 trident "Arieppac" {drain, rF+ rC+ SInv}
   (You took it off an occultist on level 2 of the Depths)

   rF+:       It protects you from fire.
   rC+:       It protects you from cold.
   SInv:      It lets you see invisible.
 L - the +1 war axe of Koyrhics {flame, rC++}
   (You found it on level 8 of the Dungeon)

   rC++:      It greatly protects you from cold.
 P - the +5 sling "Ucont" (weapon) {freeze, rElec rF- rC++ MP+9}
   (You found it on level 3 of the Elven Halls)

   rF-:       It makes you vulnerable to fire.
   rC++:      It greatly protects you from cold.
   rElec:     It insulates you from electricity.
   MP+9:      It affects your magic capacity (+9).
Missiles
 f - 15 darts of dispersal
 k - 4 datura-tipped darts
 D - 4 curare-tipped darts
 U - 4 atropa-tipped darts
Armour
 b - a scarf of repulsion (worn)
 o - a +2 pair of gloves of stealth (worn)
 u - a +2 tower shield of protection (worn)
 S - a +2 helmet of intelligence (worn)
 V - the +2 helmet "Xemecw" {Harm +Blink rElec rPois}
   (You found it on level 5 of the Vaults)

   rElec:     It insulates you from electricity.
   rPois:     It protects you from poison +Blink: It lets you blink.
   Harm:      It increases damage dealt and taken.
 Y - the +5 faerie dragon scales (worn) {+Blink rF++ rC+ Will- rCorr}
   (You took it off the Enchantress on level 3 of the Depths)

   rF++:      It greatly protects you from fire.
   rC+:       It protects you from cold.
   Will-:     It decreases your willpower.
   +Blink:    It lets you blink.
   rCorr:     It protects you from acid and corrosion.
 Z - a +2 tower shield of cold resistance
Jewellery
 v - the ring of the Hare (right hand) {EV+10}
   (You bought it in a shop on level 2 of the Snake Pit)

   [ring of evasion]

   EV+10:     It affects your evasion (+10).
 A - the amulet "Weqa" (around neck) {Reflect Will+++ SH+5}
   (You acquired it on level 14 of the Dungeon)

   [amulet of reflection]

   Reflect:   It reflects blocked missile attacks.
   Will+++:   It greatly increases your willpower.
   SH+5:      It affects your SH (+5).
 C - the ring of the Bull {rPois Will+ SInv}
   (You took it off a yaktaur captain on level 4 of the Vaults)

   [ring of willpower]

   rPois:     It protects you from poison Will+: It increases your willpower.
   SInv:      It lets you see invisible.
 I - the ring of Ypudwyaw {Will++ rCorr}
   (You took it off a spriggan defender on level 3 of the Depths)

   [ring of resist corrosion]

   Will++:    It greatly increases your willpower.
   rCorr:     It protects you from acid and corrosion.
 J - the ring of Syar Eno (left hand) {rN+ EV+5 Str+3 Int+3 Stlth+}
   (You found it on level 4 of the Swamp)

   [ring of evasion]

   EV+5:      It affects your evasion (+5).
   Str+3:     It affects your strength (+3).
   Int+3:     It affects your intelligence (+3).
   rN+:       It protects you from negative energy.
   Stlth+:    It makes you more stealthy.
 R - the amulet of the Four Winds {rN+ Will+++ Clar}
   (You took it off a draconian shifter on level 4 of the Realm of Zot)

   [amulet of nothing]

   rN+:       It protects you from negative energy.
   Will+++:   It greatly increases your willpower.
   Clar:      It protects you from confusion, rage, mesmerisation and fear.
Wands
 d - a wand of polymorph (59)
 i - a wand of paralysis (61)
 F - a wand of iceblast (35)
 K - a wand of digging (47)
 O - a wand of quicksilver (42)
Scrolls
 c - 7 scrolls of blinking
 h - 8 scrolls of poison
 j - 8 scrolls of fog
 l - 27 scrolls of teleportation
 n - 2 scrolls of revelation
 t - 9 scrolls of fear
 y - a scroll of butterflies
 z - 10 scrolls of enchant armour
 E - 4 scrolls of immolation
 M - 3 scrolls of silence
Potions
 a - 22 potions of curing
 e - 16 potions of heal wounds
 m - 8 potions of haste
 p - 11 potions of might
 q - 8 potions of ambrosia
 s - 6 potions of invisibility
 x - 10 potions of cancellation
 B - 5 potions of mutation
 G - 10 potions of enlightenment
 N - 5 potions of brilliance
 Q - 2 potions of resistance
Miscellaneous
 w - a lightning rod (4/4)
 H - a sack of spiders
 T - a condenser vane
 W - a phantom mirror
 X - the horn of Geryon


   Skills:
 + Level 12.5 Fighting
 - Level 2.4(3.1) Short Blades
 - Level 2.6(3.2) Long Blades
 + Level 3.6 Axes
 + Level 7.8 Staves
 + Level 0.9 Ranged Weapons
 + Level 1.9 Throwing
 + Level 20.4 Armour
 + Level 13.5 Dodging
 + Level 8.0 Stealth
 + Level 23.3 Shields
 O Level 27 Spellcasting
 O Level 27 Conjurations
 O Level 27 Hexes
 O Level 27 Summonings
 O Level 27 Necromancy
 O Level 27 Translocations
 O Level 27 Fire Magic
 O Level 27 Ice Magic
 O Level 27 Air Magic
 O Level 27 Earth Magic
 O Level 27 Alchemy
 + Level 12.2 Evocations


You knew the following spells:

 Your Spells              Type           Power      Damage    Failure   Level
a - Blink                 Tloc           100%       N/A       0%          2
b - Lesser Beckoning      Tloc           100%       N/A       0%          2
c - Teleport Other        Tloc           100%       N/A       0%          3
d - Manifold Assault      Tloc           100%       N/A       0%          4
e - Vhi's Electric Charg  Tloc/Air       100%       N/A       0%          4
f - Sting                 Conj/Alch      100%       1d9       0%          1
g - Momentum Strike       Conj/Tloc      100%       3d10      0%          2
h - Tukima's Dance        Hex            100%       N/A       0%          3
i - Summon Lightning Spi  Summ/Air       100%       N/A       0%          4
j - Irradiate             Conj/Alch      61%        3d32      0%          5
k - Summon Forest         Summ/Tloc      61%        N/A       0%          5
l - Plasma Beam           Fire/Air       61%        2x1d77    0%          6
m - Haunt                 Necr/Summ      61%        N/A       0%          7
n - Enfeeble              Hex            61%        N/A       0%          7
o - Summon Horrible Thin  Summ           61%        N/A       1%          8
p - Orb of Destruction    Conj           61%        9d15      0%          7
q - Polar Vortex          Ice            61%        12d8*     1%          9
r - Dragon's Call         Summ           61%        N/A       1%          9
Your spell library was empty.

Dungeon Overview and Level Annotations

Branches:
Dungeon (15/15)            Temple (1/1) D:6            Lair (5/5) D:9
  Swamp (4/4) Lair:3        Snake (4/4) Lair:3        Slime (5/5) Lair:5
    Orc (2/2) D:11            Elf (3/3) Orc:2        Vaults (5/5) D:14
  Crypt (3/3) Vaults:2     Depths (4/4) D:15           Hell (visited)
    Dis (0/7) Hell            Geh (0/7) Hell            Coc (0/7) Hell
    Tar (0/7) Hell            Zot (5/5) Depths:4     Bailey (visited)
   Tomb: Crypt:3

Altars:
Ashenzari
Cheibriados
Dithmenos
Elyvilon
Fedhas
Gozag
Hepliaklqana
Makhleb
Nemelex Xobeh
Okawaru
Qazlal
Ru
Trog
Uskayaw
Wu Jian
Xom
Yredelemnul
Zin
The Shining One
Jiyva

Shops:
D:9 [*!*?*!   D:11 [=   Orc:1 !   Orc:2 ([*:   Elf:2 !!   Elf:3 !   Snake:1 [*
Snake:2 =   Vaults:2 (   Vaults:3 (   Vaults:4 [   Depths:2 *

Portals:
Hell: Depths:1 Depths:2 Depths:3 Depths:4
Abyss: Depths:3
Pandemonium: Depths:2
Ziggurat: Depths:3

Annotations:
Crypt:3 Mennas


Innate Abilities, Weirdness & Mutations

You are immune to sickness and miasma.
You are immune to poison.
Your flesh is very heat resistant. (rF++)
You are vulnerable to cold. (rC-)
You float through the air rather than walking.
You learn spells naturally, not from books.
Your magical power is your life essence.
You have superior vitality. (+4 MHP)
You are partially covered in iridescent scales. (AC +2)
You are dopey. (Int -2)
You are somewhat resistant to further mutation.


Message History

Aiming: Orb of Destruction (safe; 0% risk of failure)
Press: ? - help, Shift-Dir - straight line, f/p - Hell Sentinel
Aim: a Hell Sentinel (severely wounded)
The orb of destruction hits the Hell Sentinel!!!
You blow up the Hell Sentinel!
There is a stone staircase leading up here.
You start resting.
Canomal comes into view.
Canomal moves out of view. 4 sun demons come into view.
The sun demon shouts! x2
You fly upwards.
There is a stone staircase leading down here.
There is a stone staircase leading up here.
You start resting.
An Ice Fiend comes into view.
You fly upwards.
There is a stone staircase leading down here.
There is a stone staircase leading up here.
You start resting.
HP restored.
You fly upwards.
There is a stone staircase leading down here.
There is a stone staircase leading up here.
You fly upwards.
There is a stone staircase leading down here.
There is a stone staircase leading up here.
You fly upwards.
There is a stone staircase leading down here.
A profane servitor comes into view. It is wielding a +3 whip.
There is a stone staircase leading up here.
You fly upwards.
There is a stone staircase leading down here.
Aiming: Dig
Press: ? - help, Shift-Dir - straight line A rock wall.
This square is covered in magical glow.
The rock shatters into small pieces.
There is a staircase leading out of the dungeon here.
You have escaped!

..##################
#.#.# ........#
###≈§≈≈≈≈### #.#.#
......#####≈≈§§≈≈§≈§≈##
#.#.#
..).)...##≈§§§≈#≈§≈§§≈#
#.#.#
..###.####≈≈≈§§≈≈§≈#≈§##
#.#.. ..#
#...#≈§#≈≈§≈≈≈≈≈§§≈#
#.#.#
..####.##§≈≈≈≈####≈≈≈≈§#
#.#.#
....##..'..§§§..>#≈≈≈≈§#
#.#.#
#.#.###.'..§.§..@#≈≈≈§§#
#.#.. #.#.#
###§≈§≈§####≈≈≈≈§# #....
#.#.#####≈≈#§§≈§§§≈≈§§≈#
###..
#..#....##≈§§§≈§≈§§#§≈##
#..
###.######≈≈≈§≈#§§≈§≈≈#
###
###.#######≈≈§≈§≈≈≈≈≈##
# ........# ###≈≈≈≈≈≈###
### ###### ###.#####
######.## ##.###...##
#.# #..###.#.#.###..


There were no monsters in sight!

Vanquished Creatures
  the Royal Jelly (Slime:5)
  3 dread liches
  4 orbs of fire
  Sojobo (Vaults:2)
  A Killer Klown (Zot:5)
  2 curse toes
  15 golden dragons
  the Enchantress (Depths:3)
  4 bone dragons
  A Brimstone Fiend (Depths:4)
  3 electric golems
  A hellephant (Vaults:2)
  16 tentacled monstrosities
  Zenata (Elf:3)
  An Ice Fiend (D:7)
  4 liches
  A tainted leviathan (Hell)
  21 Orb Guardians
  6 titans
  A Hell Sentinel (D:7)
  A deep elf blademaster (Elf:3)
  11 sphinxes
  2 deep elf master archers (Elf:3)
  7 searing wretches (Depths:1)
  A walking frostbound tome (Depths:3)
  4 quicksilver dragons
  24 acid blobs
  Frances (D:14)
  12 death cobs
  An Executioner (Depths:4)
  3 ancient champions
  A tentacled starspawn (Abyss:1)
  The ghost of Amikeex the Brawler, an adept TrMo of Nemelex Xobeh (Depths:2)
  4 tengu reavers
  10 storm dragons
  Kirke (D:12)
  13 shadow dragons
  5 rockslimes
  11 azure jellies
  5 nagarajas
  A draconian knight (Zot:4)
  2 draconian monks
  15 vault wardens
  5 deep elf sorcerers
  5 draconian shifters
  5 iron dragons
  4 fenstrider witches (Swamp:4)
  An orc warlord (Vaults:1)
  15 fire giants
  6 draconian scorchers
  14 frost giants
  2 protean progenitors (Zot:4)
  6 deep elf elementalists (Elf:3)
  Louise (Snake:3)
  2 ghost moths (Zot:4)
  5 ghouls
  2 reapers
  2 draconian stormcallers
  2 curse skulls
  5 ironbound thunderhulks
  4 formless jellyfish
  9 very ugly things
  18 ironbound preservers
  A cacodemon (Depths:4)
  6 spriggan defenders (Depths:3)
  11 quicksilver oozes
  3 draconian annihilators
  12 stone giants
  9 vampire knights
  5 green draconians
  2 deep elf demonologists (Elf:3)
  3 putrid mouths
  5 deep elf annihilators
  7 eleionomae
  7 black draconians
  5 deep elf death magi
  8 yellow draconians
  10 dire elephants
  6 purple draconians
  2 bunyips
  10 red draconians
  2 demonspawn black suns (Zot:2)
  14 spark wasps
  A war gargoyle (Vaults:5)
  3 eidola
  2 green deaths (Swamp:4)
  5 white draconians
  4 jiangshi
  A fire dragon (shapeshifter) (Vaults:5)
  17 ettins
  2 merfolk javelineers (Depths:1)
  6 fire dragons
  8 hydras
  4 entropy weavers
  2 shambling mangroves
  15 yaktaur captains
  Josephine (Orc:2)
  3 spriggan zombies
  30 vault guards
  3 rakshasas
  6 deep elf high priests
  5 great orbs of eyes
  A fenstrider witch zombie (Crypt:2)
  An entropy weaver (shapeshifter) (D:13)
  12 ice dragons
  2 spriggan air magi
  8 centaur warriors
  A peacekeeper (Vaults:3)
  Erica (D:8)
  3 ghost crabs
  16 anacondas
  2 catoblepae
  4 boulder beetles
  An ogre mage (Vaults:5)
  2 salamander tyrants
  3 ironbound frosthearts
  A stoker (Depths:1)
  4 death knights
  6 alligators
  3 vampire magi
  2 demonic crawlers
  20 dancing weapons
  6 deep troll shamans
  7 deep troll earth magi
  8 naga warriors
  3 two-headed ogres
  An orc high priest (D:15)
  12 occultists
  19 deep elf knights
  8 naga sharpshooters
  A titan zombie (Depths:2)
  10 tengu warriors
  8 spriggan berserkers
  The ghost of zenocrate the Covert, a journeyman VSEn of Gozag (Lair:1)
  8 shock serpents
  A wretched star (Abyss:1)
  8 hell knights
  A quicksilver ooze zombie (Crypt:2)
  15 soul eaters
  A shadow wraith (Crypt:2)
  Amaemon (D:9)
  A salamander mystic (Snake:4)
  19 skeletal warriors
  2 sun demons (Depths:1)
  2 sixfirhies
  8 iron trolls
  5 skysharks
  2 death drakes
  A golden dragon zombie (Crypt:1)
  A spark wasp zombie (Depths:2)
  5 spriggan druids
  2 goliath frogs
  2 bunyip zombies
  2 sea snakes (Snake:3)
  35 deep trolls
  3 flayed ghosts
  A swamp dragon (shapeshifter) (Vaults:5)
  7 glowing orange brains
  5 arcanists
  14 mana vipers
  A shadow demon (Depths:4)
  4 bog bodies
  A spriggan simulacrum (Depths:2)
  A deep troll (shapeshifter) (Vaults:5)
  5 swamp dragons
  8 naga ritualists
  12 deep elf archers
  15 necromancers
  9 phantasmal warriors
  13 lindwurms
  A glowing orange brain (shapeshifter) (Depths:3)
  An anaconda skeleton (Crypt:2)
  6 orc knights
  A harpy (shapeshifter) (Elf:3)
  19 deep elf pyromancers
  20 ironbound convokers
  2 harpies
  25 deep elf zephyrmancers
  A large abomination (Abyss:4)
  7 orc sorcerers
  27 ugly things
  A tengu skeleton (Depths:2)
  2 will-o-the-wisps
  A stone giant zombie (Crypt:2)
  2 manticores
  4 shining eyes
  30 salamanders
  5 cyclopes
  An alligator skeleton (Crypt:1)
  A faun (shapeshifter) (Depths:3)
  A worldbinder (Abyss:3)
  2 kobold blastminers (Orc:1)
  3 elephants
  7 guardian serpents
  21 moths of wrath
  8 meliai
  2 rust devils (Depths:1)
  A frost giant skeleton (Vaults:2)
  12 naga magi
  40 black mambas
  A centaur zombie (Crypt:2)
  13 vault sentinels
  2 dire elephant zombies
  An eye of devastation (shapeshifter) (Vaults:5)
  An eye of devastation (Slime:5)
  2 ice statues (Depths:2)
  A mana viper zombie (Crypt:3)
  3 orange demons (Swamp:4)
  A gargoyle (D:10)
  9 cane toads
  A dire elephant skeleton (Crypt:2)
  2 rime drakes
  2 centaur skeletons
  2 kobold demonologists (D:11)
  An elf skeleton (Vaults:1)
  13 freezing wraiths
  2 hellions (Hell)
  An alligator snapping turtle skeleton (Crypt:1)
  2 efreet
  39 yaktaurs
  An anaconda simulacrum (Hell)
  5 komodo dragons
  A black draconian skeleton (Crypt:3)
  A tormentor (Depths:4)
  4 tengu conjurers
  6 ice devils (Depths:1)
  A catoblepas skeleton (Crypt:2)
  4 guardian mummies
  A death drake zombie (Crypt:1)
  A purple draconian skeleton (Zot:3)
  A minotaur skeleton (Crypt:1)
  4 hydra zombies (Hell)
  A queen bee (D:13)
  2 hellwings (Swamp:4)
  8 tyrant leeches
  3 bloated husks
  2 polar bears
  A hornet (shapeshifter) (D:14)
  4 trolls
  A hydra skeleton (Hell)
  5 raiju
  7 hornets
  A raiju (shapeshifter) (Vaults:5)
  4 glass eyes
  2 dream sheep (Lair:5)
  A blink frog (Lair:3)
  An iron dragon simulacrum (Hell)
  2 human simulacra
  2 human skeletons
  A glass eye (shapeshifter) (Elf:3)
  86 slime creatures
  9 spriggans
  A shadow (D:12)
  6 air elementals
  8 wraiths
  A wyvern (shapeshifter) (D:13)
  3 wyverns
  8 water elementals
  17 yaks
  An alligator snapping turtle simulacrum (Crypt:3)
  2 basilisks
  A culicivora (shapeshifter) (Depths:3)
  A human (Depths:4)
  A steam dragon (D:9)
  Grum (D:9)
  2 redbacks
  7 vampire mosquitoes
  6 golden eyes (Slime:5)
  2 hogs
  A warg (Orc:1)
  2 fire elementals
  A redback (shapeshifter) (Elf:3)
  A neqoxec (Abyss:1)
  A chaos spawn (Abyss:4)
  A water nymph zombie (Crypt:1)
  15 swamp worms
  A swamp worm (shapeshifter) (Vaults:5)
  10 water moccasins
  2 hydra simulacra (Hell)
  3 acid dragons
  33 nagas
  2 hell hounds (Lair:5)
  Duvessa (D:4)
  A cane toad skeleton (Crypt:3)
  6 swamp drakes
  An ice beast (D:5)
  11 orc warriors
  A sky beast (D:6)
  A black bear (Lair:1)
  9 ogres
  14 wolves
  3 boggarts
  A hog zombie (Crypt:1)
  36 laughing skulls
  A centaur (D:9)
  A torpor snail zombie (Crypt:2)
  3 kobold brigands
  A salamander zombie (Crypt:1)
  An earth elemental (Elf:1)
  12 bullfrogs
  A glowing shapeshifter simulacrum (Depths:2)
  4 scorpions
  A komodo dragon skeleton (Crypt:2)
  8 wights
  Dowan (D:4)
  A raiju zombie (Crypt:2)
  25 killer bees
  4 electric eels
  A howler monkey (D:9)
  5 lava snakes
  4 bombardier beetles
  4 jellies
  7 hounds
  11 orc priests
  3 iguanas
  Ijyb (D:4)
  15 orc wizards
  A sleepcap (D:4)
  Natasha (thrice) (D:2)
  4 hell rats (Hell)
  A deep dwarf skeleton (Crypt:1)
  A howler monkey zombie (Crypt:2)
  7 adders
  A shadow imp (D:6)
  A white imp (D:6)
  2 ufetubi (D:6)
  A jelly zombie (Crypt:2)
  The ghost of Bodgh the Sneak, a weakling FoBr (D:15)
  2 dart slugs
  A ribbon worm (D:5)
  53 orcs
  7 endoplasms
  A giant cockroach (D:1)
  8 goblins
  5 hobgoblins
  2 jackals (D:5)
  17 kobolds
  4 quokkas
  8 ball pythons
  A ball python skeleton (Crypt:2)
  7 bats
  3 frilled lizards
  5 rats
  5 aspiring fleshes (Zot:4)
  2 creeping infernos (Hell)
2002 creatures vanquished.

Vanquished Creatures (collateral kills)
  2 ancient liches
  A dread lich (Vaults:5)
  Mara (Swamp:4)
  3 orbs of fire (Zot:5)
  Xtahua (Vaults:2)
  Vv (Zot:2)
  Margery (Vaults:2)
  A Killer Klown (Zot:5)
  Geryon (Hell)
  Norris (Depths:2)
  2 tentacled monstrosities (Zot:2)
  An electric golem (Zot:5)
  Mlioglotl (Snake:2)
  4 Orb Guardians (Zot:5)
  2 titans
  A searing wretch (Hell)
  The ghost of TheBioAlchemist the Severer, an adept MiFi of the Shining One (Swamp:4)
  An acid blob (Slime:2)
  A death cob (Zot:3)
  A shadow dragon (Zot:3)
  2 storm dragons
  2 tengu reavers
  A revenant (Abyss:4)
  Aizul (Snake:3)
  2 azure jellies (Slime:5)
  A fire giant (Depths:4)
  2 rockslimes (Slime:5)
  2 nagarajas (Snake:1)
  4 draconian monks
  A draconian knight (Zot:3)
  A frost giant (Depths:2)
  An iron dragon (Depths:2)
  A draconian scorcher (Zot:2)
  9 vault wardens
  2 draconian shifters
  5 orc warlords
  2 deep elf sorcerers
  3 ironbound preservers
  2 deep elf elementalists (Elf:3)
  4 reapers (Hell)
  A quicksilver ooze (Slime:5)
  A draconian annihilator (Zot:3)
  A ghoul (Crypt:3)
  A vampire knight (Vaults:2)
  A black draconian (Zot:3)
  A putrid mouth (Hell)
  A green draconian (Zot:3)
  A purple draconian (Zot:2)
  A red draconian (Zot:3)
  A spark wasp (Depths:4)
  3 deep elf death magi
  A war gargoyle (Hell)
  Snorg (Lair:5)
  2 iron golems (Depths:1)
  A fire dragon (Lair:5)
  2 ettins
  A crystal guardian (Vaults:3)
  An eidolon (Vaults:2)
  A merfolk javelineer (Depths:1)
  A blizzard demon (Depths:2)
  2 yaktaur captains (Vaults:3)
  A deep elf high priest (Elf:3)
  An entropy weaver (Vaults:3)
  2 ice dragons
  4 salamander tyrants (Snake:1)
  A rakshasa (Depths:1)
  2 hydras
  A vault guard (Vaults:3)
  A ghost crab (Swamp:4)
  A spriggan air mage (Swamp:2)
  A centaur warrior (D:14)
  An alligator (Swamp:2)
  A stoker (Hell)
  An ironbound frostheart (Vaults:1)
  6 two-headed ogres
  A boulder beetle (D:13)
  8 dancing weapons
  A deep troll shaman (Depths:1)
  A bennu skeleton (Crypt:3)
  2 naga warriors
  5 death yaks (Lair:2)
  2 naga sharpshooters (Snake:4)
  4 orc high priests
  Sonja (D:12)
  13 hell knights
  2 shock serpents (Snake:2)
  2 sun demons (Hell)
  Nergalle (Orc:1)
  5 deep elf knights
  2 occultists
  6 salamander mystics
  A death drake (Zot:3)
  An iron troll (Hell)
  3 skeletal warriors (D:13)
  A glowing orange brain (Depths:3)
  2 mana vipers
  An anaconda zombie (Hell)
  2 deep elf archers
  An arcanist (Vaults:1)
  4 naga ritualists
  A phantasmal warrior (Vaults:5)
  4 deep trolls
  5 lindwurms
  2 deep elf pyromancers
  2 deep elf zephyrmancers
  3 ironbound convokers
  11 orc knights
  6 ugly things
  3 necromancers
  2 manticores
  A will-o-the-wisp (Swamp:4)
  3 salamanders
  3 cyclopes
  2 moths of wrath (Zot:3)
  3 orc sorcerers
  2 meliai (Abyss:4)
  A guardian serpent (Snake:2)
  6 elephants
  9 black mambas
  3 molten gargoyles (Lair:5)
  A vault sentinel (Vaults:3)
  6 naga magi
  2 kobold blastminers
  6 cane toads
  A rime drake (Lair:5)
  An orange demon (D:9)
  8 komodo dragons
  5 yaktaurs
  A hellion (Hell)
  A tengu conjurer (D:14)
  A guardian mummy (Zot:3)
  A harpy zombie (Hell)
  2 ice devils (Hell)
  A merfolk (shapeshifter) (Depths:3)
  3 trolls
  2 polar bears
  A tarantella (Vaults:3)
  2 dream sheep (Lair:5)
  5 blink frogs (Lair:5)
  9 slime creatures
  A culicivora (Vaults:2)
  2 spriggans (Bailey)
  4 wyverns
  A water elemental (Hell)
  25 yaks
  2 wargs
  A human (D:11)
  2 redbacks
  2 hogs (D:12)
  4 vampire mosquitoes
  7 basilisks
  6 nagas
  An acid dragon (Bailey)
  A hell hound (Lair:5)
  8 water moccasins
  3 black bears
  55 orc warriors
  7 ogres
  9 wolves
  7 centaurs
  An earth elemental (Elf:3)
  4 bullfrogs
  A necrophage (Crypt:3)
  8 wights
  3 killer bees
  2 howler monkeys
  2 jellies (Lair:5)
  4 lava snakes (Lair:5)
  17 orc priests
  3 hounds
  A sleepcap (D:7)
  14 orc wizards
  42 orcs
  4 endoplasms (Lair:5)
  2 goblins (D:8)
  6 kobolds
  A lurking horror (Abyss:4)
592 creatures vanquished.

Vanquished Creatures (others)
  A deep elf elementalist (Elf:3)
  A very ugly thing (Depths:1)
  A salamander tyrant (Snake:1)
  A deep elf knight (Elf:2)
  2 moths of wrath (Zot:2)
  A bloated husk (Swamp:1)
  12 dancing weapons
  A chaos spawn (Swamp:4)
  An orc wizard (D:9)
  14 foxfires
  30 snaplasher vines
65 creatures vanquished.

Grand Total: 2659 creatures vanquished

Notes
Turn   | Place    | Note
-------+----------+-------------------------------------------
     0 | D:1      | monsoonserge the Djinni Warper began the quest for the Orb.
     0 | D:1      | monsoonserge set off with the following spells memorised:
                  | Blink, Lesser Beckoning, Teleport Other, Manifold Assault,
                  | Vhi's Electric Charge.
     0 | D:1      | Reached XP level 1. HP: 18/18 MP: 0/0
    50 | D:1      | Reached XP level 2. HP: 23/23 MP: 0/0
   342 | D:1      | Reached XP level 3. HP: 20/28 MP: 0/0
   342 | D:1      | Learned a level 1 spell: Sting
  1030 | D:2      | Found a faded altar of an unknown god.
  1056 | D:2      | Reached XP level 4. HP: 22/34 MP: 0/0
  1183 | D:2      | Noticed Natasha
  1196 | D:2      | Killed Natasha
  1274 | D:2      | Found a shadowy altar of Dithmenos.
  1518 | D:2      | Noticed Natasha
  1716 | D:3      | Reached XP level 5. HP: 36/39 MP: 0/0
  1716 | D:3      | Learned a level 2 spell: Momentum Strike
  1760 | D:3      | Found a sparkling altar of Nemelex Xobeh.
  1788 | D:3      | Found a shimmering altar of Xom.
  2469 | D:4      | Noticed Dowan
  2507 | D:2      | Killed Natasha
  2543 | D:2      | Noticed Natasha
  2587 | D:2      | Killed Natasha
  2683 | D:4      | Noticed Duvessa
  2689 | D:3      | Reached XP level 6. HP: 21/45 MP: 0/0
  3152 | D:4      | Noticed Ijyb
  3160 | D:4      | Killed Ijyb
  3319 | D:4      | Killed Duvessa
  3320 | D:4      | Reached XP level 7. HP: 33/50 MP: 0/0
  3320 | D:4      | Learned a level 3 spell: Tukima's Dance
  3737 | D:5      | Entered Level 5 of the Dungeon
  3868 | D:4      | Killed Dowan
  4070 | D:4      | Reached skill level 1 in Short Blades
  4360 | D:5      | Reached skill level 1 in Stealth
  4360 | D:5      | Reached skill level 5 in Spellcasting
  4360 | D:5      | Reached skill level 5 in Conjurations
  4360 | D:5      | Reached skill level 5 in Hexes
  4360 | D:5      | Reached skill level 5 in Summonings
  4360 | D:5      | Reached skill level 5 in Necromancy
  4360 | D:5      | Reached skill level 5 in Translocations
  4360 | D:5      | Reached skill level 5 in Fire Magic
  4360 | D:5      | Reached skill level 5 in Ice Magic
  4360 | D:5      | Reached skill level 5 in Air Magic
  4360 | D:5      | Reached skill level 5 in Earth Magic
  4360 | D:5      | Reached skill level 5 in Alchemy
  4360 | D:5      | Reached XP level 8. HP: 43/56 MP: 0/0
  4613 | D:6      | Reached skill level 1 in Throwing
  4789 | D:6      | Found a staircase to the Ecumenical Temple.
  4795 | Temple   | Entered the Ecumenical Temple
  4804 | Temple   | Became a worshipper of Gozag Ym Sagoz the Greedy
  5085 | D:6      | Reached XP level 9. HP: 28/62 MP: 0/0
  5085 | D:6      | Learned a level 4 spell: Summon Lightning Spire
  5101 | D:6      | You are sucked into a shaft and drop 2 floors!
  5306 | D:8      | Got More Hermetic Knowledge
  5320 | D:8      | Found a flagged portal.
  5327 | Bailey   | Entered a bailey
  5466 | Bailey   | Noticed a two-headed ogre
  5480 | Bailey   | Killed a two-headed ogre
  5481 | Bailey   | Reached skill level 5 in Dodging
  5522 | Bailey   | Reached XP level 10. HP: 35/69 MP: 0/0
  5716 | Bailey   | Identified the +2 lajatang of Degashrink {protect, rElec
                  | rPois Int+2}
  6008 | D:8      | Found a glowing golden altar of the Shining One.
  7242 | D:7      | Found a burning altar of Makhleb.
  7512 | D:7      | Reached skill level 1 in Staves
  8002 | D:7      | Found a bloodstained altar of Trog.
  8101 | D:7      | Found an iron altar of Okawaru.
  8101 | D:7      | Found a hide-covered altar of Uskayaw.
  8101 | D:7      | Found a basalt altar of Yredelemnul.
  8462 | D:8      | Noticed Erica
  8473 | D:8      | Reached skill level 5 in Armour
  8960 | D:8      | Killed Erica
  8961 | D:8      | Reached XP level 11. HP: 50/74 MP: 0/0
  8961 | D:8      | Learned a level 5 spell: Irradiate
  9017 | D:8      | Identified the +1 war axe of Koyrhics {flame, rC++}
  9049 | D:8      | Found a white marble altar of Elyvilon.
  9083 | D:8      | Reached skill level 10 in Spellcasting
  9083 | D:8      | Reached skill level 10 in Conjurations
  9083 | D:8      | Reached skill level 10 in Hexes
  9083 | D:8      | Reached skill level 10 in Summonings
  9083 | D:8      | Reached skill level 10 in Necromancy
  9083 | D:8      | Reached skill level 10 in Translocations
  9083 | D:8      | Reached skill level 10 in Fire Magic
  9083 | D:8      | Reached skill level 10 in Ice Magic
  9083 | D:8      | Reached skill level 10 in Air Magic
  9083 | D:8      | Reached skill level 10 in Earth Magic
  9083 | D:8      | Reached skill level 10 in Alchemy
  9453 | D:9      | Found a staircase to the Lair.
  9666 | D:9      | Noticed Grum
  9679 | D:9      | Killed Grum
  9791 | D:9      | Reached skill level 5 in Fighting
  9923 | D:9      | Noticed Amaemon
  9937 | D:9      | Killed Amaemon
 11301 | D:10     | Entered Level 10 of the Dungeon
 11713 | D:10     | Reached XP level 12. HP: 56/81 MP: 0/0
 11858 | D:10     | Found a stormy altar of Qazlal.
 11858 | D:10     | Found an ornate altar of the Wu Jian Council.
 12302 | D:10     | Identified the ring of the Gloaming {rPois rC- Int+4 Dex+2}
 12669 | D:11     | Noticed a two-headed ogre
 12678 | D:11     | Killed a two-headed ogre
 12679 | D:11     | Reached skill level 5 in Staves
 12787 | D:11     | Found a staircase to the Orcish Mines.
 13014 | D:11     | Noticed a two-headed ogre
 13029 | D:11     | Killed a two-headed ogre
 13510 | D:11     | Found a portal to a secret trove of treasure.
 13519 | D:11     | Noticed a sixfirhy
 13534 | D:11     | Noticed a sixfirhy
 13905 | D:12     | Noticed Sonja
 13911 | D:12     | Killed Sonja
 14245 | D:12     | Found an iron altar of Okawaru.
 14265 | D:12     | Noticed a two-headed ogre
 14275 | D:12     | Killed a two-headed ogre
 14283 | D:12     | Noticed a two-headed ogre
 14291 | D:12     | Killed a two-headed ogre
 14292 | D:12     | Reached skill level 1 in Evocations
 14292 | D:12     | Reached XP level 13. HP: 59/87 MP: 0/0
 14292 | D:12     | Learned a level 5 spell: Summon Forest
 14639 | D:12     | Noticed Kirke
 15020 | Lair:1   | Entered Level 1 of the Lair of Beasts
 15020 | Lair:1   | Found a transporter.
 15166 | D:9      | Bought a crude scale mail for 324 gold pieces
 15166 | D:9      | Identified the +10 scale mail of the Morning Star {Rampage
                  | Regen+} (You bought it in a shop on level 9 of the Dungeon)
 15182 | D:9      | Bought a glowing cloak for 270 gold pieces
 15185 | D:9      | Bought a glowing scarf for 288 gold pieces
 15732 | Lair:1   | Found a transporter.
 15742 | Lair:1   | Noticed a catoblepas
 15745 | Lair:1   | Noticed zenocrate's ghost (journeyman VSEn)
 16732 | Lair:2   | Noticed a four-headed hydra
 16747 | Lair:2   | Killed a four-headed hydra
 16748 | Lair:2   | Reached XP level 14. HP: 95/99 MP: 0/0
 17256 | Lair:3   | Found a staircase to the Swamp.
 17542 | Lair:3   | Found a staircase to the Snake Pit.
 18525 | Lair:4   | Reached skill level 10 in Armour
 18798 | Lair:5   | Entered Level 5 of the Lair of Beasts
 18828 | Lair:5   | Reached skill level 1 in Shields
 18941 | Lair:5   | Reached skill level 1 in Axes
 18984 | Lair:5   | Found a viscous altar of Jiyva.
 18991 | Lair:5   | Found a staircase to the Slime Pits.
 18991 | Lair:5   | Noticed Snorg
 19062 | Lair:5   | Reached XP level 15. HP: 99/106 MP: 0/0
 19062 | Lair:5   | Learned a level 6 spell: Plasma Beam
 19582 | Lair:5   | Gained mutation: You are very vulnerable to cold. (rC--)
                  | [mutagenic glow]
 19593 | Lair:5   | Killed Snorg
 20470 | Lair:5   | Found a large runed translucent door.
 20561 | Lair:5   | Found a large runed translucent door.
 20600 | Lair:5   | Reached XP level 16. HP: 112/112 MP: 0/0
 21046 | Orc:1    | Entered Level 1 of the Orcish Mines
 21050 | Orc:1    | Noticed Nergalle
 21057 | Orc:1    | Killed Nergalle
 21220 | Orc:1    | Found Wudwu's Distillery.
 21319 | Orc:1    | Found the +18 Lear's hauberk
 22005 | Orc:2    | Entered Level 2 of the Orcish Mines
 22137 | Orc:2    | Found a staircase to the Elven Halls.
 22195 | Orc:2    | Noticed Josephine
 22698 | Orc:2    | Killed Josephine
 23134 | Orc:2    | Found Umicze's Book Shop.
 23138 | Orc:2    | Found Veuraur's General Store.
 23141 | Orc:2    | Found Zatrax's Antique Weapon Shop.
 23197 | Orc:2    | Found Ula Jeam's Antique Armour Shop.
 23205 | Orc:2    | Bought a shiny buckler for 240 gold pieces
 23285 | Orc:2    | Bought a faintly glowing ring mail for 288 gold pieces
 23285 | Orc:2    | Identified the +0 ring mail of Recklessness {rC+ Str+4
                  | Int+2} (You bought it in a shop on level 2 of the Orcish
                  | Mines)
 24023 | D:12     | Noticed a sphinx
 24093 | D:12     | Killed Kirke
 24411 | D:12     | Reached skill level 10 in Shields
 24830 | D:13     | Reached XP level 17. HP: 103/117 MP: 0/0
 24830 | D:13     | Learned a level 7 spell: Haunt
 26478 | D:14     | Noticed Frances
 26494 | D:15     | Entered Level 15 of the Dungeon
 26694 | D:14     | Found a gate to the Vaults.
 26745 | D:14     | Killed Frances
 26808 | D:14     | Identified 2 scrolls of acquirement
 26816 | D:14     | Acquired the amulet "Weqa" {Reflect Will+++ SH+5}
 26828 | D:14     | Acquired 1063 gold pieces
 27541 | D:15     | Reached skill level 15 in Spellcasting
 27541 | D:15     | Reached skill level 15 in Conjurations
 27541 | D:15     | Reached skill level 15 in Hexes
 27541 | D:15     | Reached skill level 15 in Summonings
 27541 | D:15     | Reached skill level 15 in Necromancy
 27541 | D:15     | Reached skill level 15 in Translocations
 27541 | D:15     | Reached skill level 15 in Fire Magic
 27541 | D:15     | Reached skill level 15 in Ice Magic
 27541 | D:15     | Reached skill level 15 in Air Magic
 27541 | D:15     | Reached skill level 15 in Earth Magic
 27541 | D:15     | Reached skill level 15 in Alchemy
 27934 | D:15     | Found a staircase to the Depths.
 28001 | D:15     | Found a runed translucent door.
 28002 | D:15     | Noticed Bodgh's ghost (weakling FoBr)
 28548 | D:15     | Killed Bodgh's ghost
 28711 | D:9      | Bought a scroll labelled JICLEYNNAQ for 42 gold pieces
 28716 | D:9      | Bought a potion of resistance for 160 gold pieces
 28743 | Lair:1   | Killed zenocrate's ghost
 28744 | Lair:1   | Reached XP level 18. HP: 92/123 MP: 0/0
 28875 | Swamp:1  | Entered Level 1 of the Swamp
 30377 | Swamp:3  | Noticed a tentacled monstrosity
 30384 | Swamp:3  | Killed a tentacled monstrosity
 30962 | Swamp:4  | Entered Level 4 of the Swamp
 31032 | Snake:1  | Entered Level 1 of the Snake Pit
 31610 | Snake:1  | Found a transporter.
 31696 | Snake:1  | Found Pahotoe's General Store.
 31755 | Snake:1  | Reached skill level 15 in Armour
 31829 | Snake:1  | Found Jyhiosis's Antique Armour Boutique.
 31860 | Snake:1  | Bought a fine scale mail for 360 gold pieces
 31860 | Snake:1  | Identified the +2 scale mail of Istrisaqo {rF+ rCorr Str-5
                  | Slay+3} (You bought it in a shop on level 1 of the Snake
                  | Pit)
 31860 | Snake:1  | Bought a polished scale mail for 360 gold pieces
 31860 | Snake:1  | Identified the +10 scale mail of Rotation {rC- Will+++
                  | Str-2 SInv} (You bought it in a shop on level 1 of the
                  | Snake Pit)
 31984 | Snake:1  | Identified the +0 hand axe "Hydraslayer" {spect, Dex+3}
 32738 | Snake:2  | Reached XP level 19. HP: 103/128 MP: 0/0
 32738 | Snake:2  | Learned a level 7 spell: Enfeeble
 33213 | Swamp:4  | Noticed a tentacled monstrosity
 33277 | Swamp:4  | Killed a tentacled monstrosity
 33600 | Swamp:4  | Identified the ring of Syar Eno {rN+ EV+5 Str+3 Int+3
                  | Stlth+}
 33675 | Swamp:4  | Found a runed translucent door.
 33675 | Swamp:4  | Found a shimmering altar of Xom.
 33676 | Swamp:4  | Noticed TheBioAlchemist's ghost (adept MiFi)
 33676 | Swamp:4  | Identified the +5 executioner's axe of Qomisul {chaos,
                  | rElec Stlth+}
 33916 | Swamp:4  | Noticed Mara
 33924 | Swamp:4  | Killed Mara
 34025 | Swamp:4  | Got a decaying rune of Zot
 34252 | Snake:2  | Noticed Mlioglotl
 34571 | Elf:1    | Entered Level 1 of the Elven Halls
 35485 | Elf:2    | Found Ysox's Distillery.
 35723 | Elf:2    | Paralysed by an air elemental for 1 turns
 35777 | Elf:2    | Bought a potion of heal wounds for 70 gold pieces
 35784 | Elf:2    | Found Vagusch's Distillery.
 35850 | Elf:2    | Paralysed by an air elemental for 1 turns
 35852 | Elf:2    | Reached XP level 20. HP: 116/136 MP: 0/0
 35885 | Elf:2    | Reached skill level 10 in Fighting
 35909 | Elf:2    | Bought a potion of heal wounds for 90 gold pieces
 35998 | Elf:2    | Found a huge runed translucent gate.
 36000 | Elf:2    | Found a huge runed translucent gate.
 36005 | Elf:2    | Found a huge runed translucent gate.
 36006 | Elf:2    | Found a huge runed translucent gate.
 36006 | Elf:2    | Found a huge runed translucent gate.
 36237 | Elf:3    | Entered Level 3 of the Elven Halls
 36272 | Elf:3    | Noticed Zenata
 36623 | Elf:3    | Killed Zenata
 37679 | Elf:3    | Identified the ring "Yrrolab" {rPois rF+}
 38221 | Elf:3    | Acquired 1068 gold pieces
 38329 | Elf:3    | Reached XP level 21. HP: 127/146 MP: 0/0
 38329 | Elf:3    | Learned a level 8 spell: Summon Horrible Things
 38331 | Elf:3    | Identified the amulet "Uxzif" {rPois Regen+ Int+5}
 38397 | Elf:3    | Found Pamey's Distillery.
 38489 | Elf:3    | Bought a potion of heal wounds for 80 gold pieces
 38552 | Elf:3    | Identified the amulet "Cioma" {RegenMP -Tele Rampage Int+4}
 38702 | Elf:3    | Identified the +5 sling "Ucont" {freeze, rElec rF- rC++
                  | MP+9}
 38748 | Elf:3    | Identified the dragon-blood talisman of Weirph {rF+++ Str-4
                  | Dex+3 SInv}
 38749 | Elf:3    | Identified the +4 ring mail of Zuzxi {Harm}
 39057 | Vaults:1 | Entered Level 1 of the Vaults
 39292 | Vaults:1 | Reached skill level 15 in Shields
 41322 | Vaults:2 | Noticed Margery
 41604 | Vaults:2 | Identified the +10 hand axe of Conservatism {protect, MP+9
                  | Str+4 Int+3}
 41702 | Vaults:2 | Found a staircase to the Crypt.
 41712 | Vaults:2 | You are sucked into a shaft and drop 2 floors!
 41741 | Vaults:4 | Reached XP level 22. HP: 113/152 MP: 0/0
 42368 | Vaults:2 | Noticed Xtahua
 42371 | Vaults:2 | Killed Margery
 42377 | Vaults:2 | Killed Xtahua
 42737 | Vaults:2 | Noticed Sojobo
 42742 | Vaults:2 | Killed Sojobo
 42852 | Vaults:2 | Found Pumedyc's Weapon Shop.
 43420 | D:11     | You paid a toll of 4 potions of resistance to enter a
                  | treasure trove
 43421 | Trove    | Entered a treasure trove
 43443 | Trove    | Identified the +0 cloak "Suribit" {Str+4}
 43449 | Trove    | Identified the +6 scale mail of Sikah {Str+4 Slay+3}
 43455 | Trove    | Identified the ring "Refecsim" {rPois rF+++ MP+9 Str-2
                  | SInv}
 44001 | Vaults:3 | Found Eraczor's Weapon Shop.
 44200 | Crypt:1  | Entered Level 1 of the Crypt
 44282 | Vaults:3 | Identified the +0 scale mail "Eholucen" {rN+ Will+ Str+3}
 44444 | Vaults:3 | Reached XP level 23. HP: 117/157 MP: 0/0
 44444 | Vaults:3 | Learned a level 7 spell: Orb of Destruction
 44850 | Vaults:3 | Identified the +4 ring mail of Gaulage {Harm *Slow rCorr
                  | Str+5}
 45173 | Vaults:4 | Reached skill level 5 in Evocations
 45494 | Vaults:4 | Found Poell's Antique Armour Shop.
 45505 | Vaults:4 | Bought a pair of embroidered gloves for 300 gold pieces
 45530 | Vaults:4 | Bought an ichor-stained scale mail for 360 gold pieces
 45530 | Vaults:4 | Identified the +0 scale mail of the Eternal Void {^Contam
                  | Rampage rN+++ Int-5} (You bought it in a shop on level 4 of
                  | the Vaults)
 45530 | Vaults:4 | Bought a glimmering troll leather armour for 800 gold
                  | pieces
 45530 | Vaults:4 | Identified the +1 troll leather armour of the Morning
                  | {Rampage *Corrode +Inv Regen+ Slay+5} (You bought it in a
                  | shop on level 4 of the Vaults)
 46445 | Swamp:4  | Killed TheBioAlchemist's ghost
 46718 | Snake:1  | Identified the +0 pair of gloves of Moral Flaws {Rampage
                  | Str+4 Dex+3}
 46792 | Snake:1  | Found a transporter.
 46845 | Snake:2  | Killed Mlioglotl
 46893 | Snake:2  | Found Ezxip's Jewellery Emporium.
 46969 | Snake:2  | Bought the ring of the Hare {EV+10} for 1792 gold pieces
 46969 | Snake:2  | Found the ring of the Hare {EV+10}
 47257 | Snake:2  | Found a shimmering altar of Xom.
 48079 | Snake:3  | Identified the serpent talisman "Hotziung" {rF- rN+ Dex+2
                  | Slay+6}
 48079 | Snake:3  | Noticed Aizul
 48091 | Snake:3  | Killed Aizul
 48173 | Snake:3  | Noticed Louise
 48175 | Snake:3  | Killed Louise
 48475 | Snake:2  | Identified the +1 orcbow of the New World {flame, Will-
                  | Int+2 Dex+4}
 48976 | Snake:4  | Entered Level 4 of the Snake Pit
 49089 | Snake:3  | Reached XP level 24. HP: 156/164 MP: 0/0
 50201 | Snake:4  | Identified the +0 chain mail of Urapumn {Harm rC+ Dex+2}
 50201 | Snake:4  | Identified the +1 leather armour of Ruythryi {Slay+3}
 50497 | Snake:4  | Got a serpentine rune of Zot
 50921 | D:9      | Bought 2 potions of haste for 320 gold pieces
 50921 | D:9      | Bought a potion of haste for 160 gold pieces
 51065 | Depths:1 | Entered Level 1 of the Depths
 51645 | Depths:1 | You are sucked into a shaft and drop 1 floor!
 51864 | Depths:1 | Found a gateway to Hell.
 52110 | Depths:1 | Found a blossoming altar of Fedhas.
 52837 | Depths:2 | Reached XP level 25. HP: 146/169 MP: 0/0
 52837 | Depths:2 | Learned a level 9 spell: Polar Vortex
 52936 | Depths:2 | Found a one-way gate leading to the halls of Pandemonium.
 52986 | Depths:2 | Found a runed translucent door.
 52987 | Depths:2 | Noticed Amikeex's ghost (adept TrMo)
 53126 | Depths:2 | Noticed Norris
 53159 | Depths:2 | Killed Norris
 53769 | Depths:2 | Noticed an ancient lich
 53769 | Depths:2 | Identified the +0 trident "Arieppac" {drain, rF+ rC+ SInv}
 53952 | Depths:2 | Killed an ancient lich
 54181 | Depths:2 | Killed Amikeex's ghost
 54305 | Depths:2 | Bought a smoking bronze ring for 140 gold pieces
 54305 | Depths:2 | Identified the ring "Seceosab" {Will+ Dex+2} (You bought it
                  | in a shop on level 2 of the Depths)
 54305 | Depths:2 | Bought a heavily runed scale mail for 252 gold pieces
 54305 | Depths:2 | Identified the +1 scale mail of Negligence {rF- Dex+3
                  | Stlth+} (You bought it in a shop on level 2 of the Depths)
 54305 | Depths:2 | Bought a jewelled hand cannon for 238 gold pieces
 54305 | Depths:2 | Identified the +11 hand cannon "Koareplei" {drain, rF-
                  | rN+++ rCorr MP-9} (You bought it in a shop on level 2 of
                  | the Depths)
 54384 | Depths:3 | Noticed the Enchantress
 54388 | Depths:3 | Killed the Enchantress
 54834 | Depths:3 | Found a one-way gate to the infinite horrors of the Abyss.
 54841 | Depths:3 | Found a one-way gateway to a ziggurat.
 55349 | Depths:3 | Found a glowing silver altar of Zin.
 55350 | Depths:3 | Found a white marble altar of Elyvilon.
 55351 | Depths:3 | Found a white marble altar of Elyvilon.
 57271 | Depths:3 | Reached XP level 26. HP: 169/175 MP: 0/0
 57804 | Depths:3 | Identified the ring of Ypudwyaw {Will++ rCorr}
 58225 | Depths:4 | Entered Level 4 of the Depths
 58455 | Depths:4 | Found a flickering gateway to a bazaar.
 58487 | Bazaar   | Entered a bazaar
 58487 | Bazaar   | Found Keatruf's Jewellery Emporium.
 58487 | Bazaar   | Found Eppum's Distillery.
 58487 | Bazaar   | Found Taheg's Armour Shop.
 58489 | Bazaar   | Found Ergheupin's Weapon Shoppe.
 58551 | Bazaar   | Bought a potion of invisibility for 128 gold pieces
 58551 | Bazaar   | Bought a potion of curing for 48 gold pieces
 58551 | Bazaar   | Bought a potion of haste for 160 gold pieces
 58551 | Bazaar   | Bought a potion of heal wounds for 80 gold pieces
 59738 | Depths:4 | Found a gate to the Realm of Zot.
 60192 | Slime:1  | Entered Level 1 of the Pits of Slime
 63112 | Slime:5  | Entered Level 5 of the Pits of Slime
 63500 | Slime:5  | Found a viscous altar of Jiyva.
 64000 | Slime:5  | Noticed the Royal Jelly
 64048 | Slime:5  | Reached XP level 27. HP: 127/181 MP: 0/0
 64048 | Slime:5  | Learned a level 9 spell: Dragon's Call
 64202 | Slime:5  | Killed the Royal Jelly
 64236 | Slime:5  | Identified the +5 robe "Qonwilil" {Rampage rElec}
 64381 | Slime:5  | Got a slimy rune of Zot
 64394 | Slime:5  | Identified the staff of Death {rN+ SInv Necro Alchemy}
 64426 | Slime:5  | Identified the staff "Usofesut" {rElec rF+ rCorr Dex-5 Air}
 64427 | Slime:5  | Identified the +1 short sword of the Fulmar {freeze, rElec
                  | rPois Str-5 SInv}
 64452 | Slime:5  | Found the +27 heavy crossbow "Sniper" {heavy, Acc+∞ SInv}
 65616 | Zot:1    | Entered Level 1 of the Realm of Zot
 67896 | Zot:2    | Noticed an orb of fire
 68063 | Zot:2    | Killed an orb of fire
 68135 | Zot:2    | Noticed Vv
 68145 | Zot:2    | Identified the +5 spear of False Accusations {drain,
                  | *Corrode rC+ rN++ Int+3}
 68162 | Zot:2    | Killed Vv
 70064 | Zot:2    | Got the Folio of The Black Sun
 70517 | Zot:3    | Noticed a dread lich
 70517 | Zot:3    | Noticed a dread lich
 71643 | Zot:3    | Killed a dread lich
 72189 | Zot:3    | Killed a dread lich
 74313 | Zot:4    | Reached skill level 27 in Necromancy
 75877 | Zot:5    | Entered Level 5 of the Realm of Zot
 76656 | Zot:5    | Noticed an orb of fire
 77345 | Vaults:5 | Entered Level 5 of the Vaults
 77581 | Vaults:5 | Identified the ring of the Bull {rPois Will+ SInv}
 78376 | Vaults:5 | Reached skill level 27 in Spellcasting
 78376 | Vaults:5 | Reached skill level 27 in Conjurations
 78376 | Vaults:5 | Reached skill level 27 in Hexes
 78376 | Vaults:5 | Reached skill level 27 in Summonings
 78376 | Vaults:5 | Reached skill level 27 in Translocations
 78376 | Vaults:5 | Reached skill level 27 in Fire Magic
 78376 | Vaults:5 | Reached skill level 27 in Ice Magic
 78376 | Vaults:5 | Reached skill level 27 in Air Magic
 78376 | Vaults:5 | Reached skill level 27 in Earth Magic
 78376 | Vaults:5 | Reached skill level 27 in Alchemy
 78957 | Vaults:5 | Identified the +7 dagger of Prudence {freeze, Fly rPois
                  | Str-3 Int+3}
 78957 | Vaults:5 | Identified the +1 leather armour of the Lily {rPois rN+
                  | Str+3}
 78959 | Vaults:5 | Reached skill level 5 in Stealth
 80075 | Vaults:5 | Identified the +1 war axe of Moughau {freeze, *Slow rElec
                  | Str+4}
 80551 | Vaults:5 | Noticed a dread lich
 80561 | Vaults:5 | Killed a dread lich
 81105 | Vaults:5 | Identified the +2 helmet "Xemecw" {Harm +Blink rElec rPois}
 81554 | Vaults:5 | Identified the staff of Floods {rElec Will+ Air}
 81559 | Vaults:5 | Got a silver rune of Zot
 81560 | Vaults:5 | Identified the +4 scale mail of the Evening {rC+}
 82485 | Crypt:1  | Reached skill level 10 in Dodging
 84329 | Crypt:2  | Reached skill level 10 in Evocations
 85341 | Crypt:3  | Entered Level 3 of the Crypt
 85576 | Crypt:3  | Noticed Mennas
 86039 | Hell     | Entered the Vestibule of Hell
 86039 | Hell     | Noticed Geryon
 86050 | Hell     | Killed Geryon
 87719 | Hell     | Found a gateway to the Iron City of Dis.
 87761 | Hell     | Found a gateway to the freezing wastes of Cocytus.
 88164 | Hell     | Found a gateway to the ashen valley of Gehenna.
 88222 | Hell     | Found a gateway to the decaying netherworld of Tartarus.
 88383 | Depths:3 | Voluntarily entered the Abyss.
 88561 | Abyss:2  | Found a corrupted altar of Lugonu.
 88578 | Abyss:3  | Found a corrupted altar of Lugonu.
 88595 | Abyss:3  | Noticed a dread lich
 88663 | Abyss:4  | Found a corrupted altar of Lugonu.
 88718 | Abyss:4  | Got an abyssal rune of Zot
 88804 | Depths:3 | Escaped the Abyss
 89429 | Zot:5    | Noticed a dread lich
 89640 | Zot:5    | Killed a dread lich
 89705 | Zot:5    | Noticed an orb of fire
 89713 | Zot:5    | Killed an orb of fire
 89880 | Zot:5    | Noticed an orb of fire
 89888 | Zot:5    | Killed an orb of fire
 90016 | Zot:5    | Noticed a Killer Klown
 90022 | Zot:5    | Killed a Killer Klown
 90097 | Zot:5    | Noticed an orb of fire
 90129 | Zot:5    | Killed an orb of fire
 90290 | Zot:5    | Noticed an ancient lich
 90398 | Zot:5    | Killed an ancient lich
 91111 | Zot:5    | Noticed an orb of fire
 91112 | Zot:5    | Noticed an orb of fire
 91114 | Zot:5    | Gained mutation: You have hidden genetic defects. [an orb
                  | of fire]
 91114 | Zot:5    | Gained mutation: Your body sometimes deteriorates upon
                  | taking damage. [an orb of fire]
 91120 | Zot:5    | Lost mutation: You have hidden genetic defects. [potion of
                  | mutation]
 91120 | Zot:5    | Lost mutation: You are very vulnerable to cold. (rC--)
                  | [potion of mutation]
 91120 | Zot:5    | Lost mutation: Your body sometimes deteriorates upon taking
                  | damage. [potion of mutation]
 91120 | Zot:5    | Gained mutation: You are partially covered in iridescent
                  | scales. (AC +2) [potion of mutation]
 91120 | Zot:5    | Gained mutation: You are dopey. (Int -2) [potion of
                  | mutation]
 91120 | Zot:5    | Gained mutation: You are somewhat resistant to further
                  | mutation. [potion of mutation]
 91120 | Zot:5    | Killed an orb of fire
 91122 | Zot:5    | Killed an orb of fire
 91123 | Zot:5    | Noticed a Killer Klown
 91125 | Zot:5    | Killed a Killer Klown
 91160 | Zot:5    | Noticed an orb of fire
 91169 | Zot:5    | Killed an orb of fire
 91458 | Zot:5    | Got the Orb of Zot
 91671 | Depths:4 | Noticed Gobeseat the pandemonium lord
 91954 | D:11     | Noticed Arupn the pandemonium lord
 92058 | D:6      | Noticed Torukkocw the pandemonium lord
 92136 | D:7      | Noticed Canomal the pandemonium lord
 92361 | D:$      | Escaped with the Orb!

Illustrated notes

Levels and vault maps discovered:
D:1:      lightli_molten_gateway, layout_loops_ring
D:2:      layout_rooms, basic_ecumenical_altar, basic_altar, minivault_26,
          minmay_misc_feat_cross, uniq_natasha
D:3:      layout_basic, mainiacjoe_overflow_two_lobes
D:4:      layout_basic, st_stairs_11, kennysheep_potato, uniq_duvessa, uniq_ijyb
D:5:      layout_rooms
D:6:      layout_basic, minmay_temple_entry_hall
D:7:      layout_basic, trog_book, nicolae_vehumet_radiance,
          makhleb_heckhound_becter, gammafunk_temple_overflow_claw,
          corexii_checkpoint
D:8:      layout_rooms, nicolae_elyvilon_temple_path, tso_metal_star,
          enter_bailey_3, chequers_serial_rivers_small_b, st_stairs_6,
          uniq_erica
D:9:      layout_rooms, lair_entry_dummy, st_stairs_14,
          chequers_serial_rivers_micro_d, nrook_pool_corridor,
          minmay_quadrilaterals, uniq_grum, uniq_amaemon
D:10:     layout_long_grid, gammafunk_temple_overflow_statue, special_room
          [special_room_orc]
D:11:     layout_irregular_city, erik_orc_4, nicolae_trove_entry_crossroad,
          st_stairs_5
D:12:     evilmike_iron_armoury, layout_irregular_city, uniq_kirke, uniq_sonja
D:13:     minmay_two_paths, layout_basic, minivault_7
D:14:     layout_layer_cave, skrybe_vaults_entry_preservation, hex_tiny,
          uniq_frances
D:15:     hangedman_depths_entry_civil_slaughter, layout_gridville,
          minmay_misc_feat_tower, ebering_ghost_inner_flame,
          lightli_church_of_beogh
Temple:   nicolae_temple_ecumenical_triangle
Lair:1:   layout_gridlike, nzn_ghost_randoct
Lair:2:   layout_cave_pods
Lair:3:   beast_lair_carwin_large_4, layout_loops_ring,
          skrybe_swamp_entry_bodies, nicolae_snake_entry_squirm
Lair:4:   layout_regular_city
Lair:5:   cheibrodos_lair_end_hotspot, layout_concentric_octagons,
          nicolae_slime_entry_slimehenge, minmay_stone_trees_medium,
          chequers_serial_rivers_small_3, gammafunk_lair_bear_cave, uniq_snorg
Swamp:1:  layout_falls_marsh, nicolae_swamp_bean_lake
Swamp:2:  layout_basic_swamp, evilmike_swamp_ruin_wall, swamp_pool_5
Swamp:3:  layout_basic_swamp, evilmike_swamp_ruin_house_1,
          infiniplex_staircase_pool_2, nicolae_swamp_decorative_isthmus
Swamp:4:  nzn_swamp_witches_coven, layout_basic_swamp, ebering_ghost_xom,
          swamp_pool_1_2, uniq_mara
Snake:1:  gammafunk_sealed_library, layout_basic, minmay_shoptagon
Snake:2:  nicolae_snake_attic_fulla_snakes, layout_misc_corridors, serial_shops,
          shop, basic_altar, uniq_mlioglotl
Snake:3:  layout_cave_pods, uniq_aizul, uniq_louise
Snake:4:  hellmonk_snake_rune_quicksilver_temple, layout_cave_town,
          nicolae_snake_salamander_zone
Slime:1:  layout_caves
Slime:2:  layout_caves
Slime:3:  layout_caves, cheibrodos_slime_lost_civilization_4
Slime:4:  layout_caves
Slime:5:  slime_pit_nicolae_jellycorners
Orc:1:    layout_diamond_mine, special_room [special_room_orc], serial_shops,
          nicolae_shop_hallway_plus, elf_legates, uniq_nergalle
Orc:2:    grunt_orc_cross, layout_caves, uniq_josephine
Elf:1:    eino_elf_arrival_altar, layout_geoelf_diagonals, basic_altar,
          nicolae_elf_crossing_hall
Elf:2:    elven_hall_of_blades_hangedman_alternative
          [nicolae_vaults_blade_armed_guards], layout_rooms, serial_shops,
          nicolae_shop_stone, shop
Elf:3:    minmay_elf_hall_curves, layout_rooms, serial_shops,
          nicolae_shop_tiny_waterfront, grunt_megastairs_4, uniq_zenata
Vaults:1: v_alt_pattern_5, hangedman_vaults_hat, ontoclasm_vaults_eye,
          nicolae_vaults_variable_pillar_hall, nicolae_vaults_shrinking_rooms_1,
          layout_vaults_omnigrid
Vaults:2: minmay_crypt_entry_simple_statues, v_rooms_3, v_pattern_2, v_misc_13,
          v_alt_pattern_6, v_misc_18, grunt_vaults_diagonal,
          grunt_vaults_funnel, nicolae_vaults_double_plus_3,
          nicolae_vaults_closet_pinwheel_5, nicolae_vaults_diagonal_hallway_6,
          layout_vaults_ring, serial_shops, shop, uniq_sojobo, uniq_margery,
          uniq_xtahua
Vaults:3: nicolae_vaults_closet_pinwheel_5, v_misc_18, hangedman_vaults_stream,
          dpeg_vaults_monster_box, nicolae_vaults_tetromino_L_2,
          nicolae_vaults_mini_display_case, nicolae_vaults_three_branches,
          ontoclasm_vaults_tryst, nicolae_vaults_trapezoid_1,
          grunt_vaults_hallway_long, nicolae_vaults_diagonal_hallway_6,
          vaults_room_glass_cross, layout_vaults_big_cross
Vaults:4: nicolae_vaults_stepped_doors, nicolae_vaults_house_1, v_misc_11,
          nicolae_vaults_cochlea, hangedman_vaults_pinch,
          nicolae_vaults_house_2, nicolae_vaults_triangles, vaults_dpeg_ring,
          v_alt_pattern_2, nicolae_vaults_little_squares_1,
          nicolae_vaults_border_crossing, ontoclasm_vaults_pinch,
          nicolae_vaults_shelves_hall, nicolae_vaults_tetromino_L_1,
          layout_vaults_maze_snakey, serial_shops, shop
Vaults:5
Crypt:1:  layout_regular_city
Crypt:2:  grunt_deathspiral_small, layout_basic
Crypt:3:  lightli_unholy_cathedral, layout_chaotic_city,
          tomb_entry_sphere_bobbens, uniq_mennas
Depths:1: layout_cave_pools, hell_entry, fedhas_altar_3, grunt_decor_resistance,
          kennysheep_kite_vault
Depths:2: cheibrodos_cascadia, layout_honeycomb, hellmonk_ghost_big_iron,
          grunt_hell_entry_dis_mu, pan_entry, uniq_josephina, uniq_norris
Depths:3: hangedman_slaughterboxes, abyss_entry, hell_entry, uniq_enchantress
Depths:4: grunt_zot_entry_hairpin, layout_cross, hell_entry, serial_shops,
          bzr_entry_customers, serial_sigils_hangedman_leer
Hell
Zot:1:    layout_cellular_growth, regret_index_zotdec_banners
Zot:2:    dreamdust_black_sun_cult, layout_gridlike,
          regret_index_zot_stipple_split, uniq_grunn, uniq_vv
Zot:3:    hangedman_snap_crack_crunch, layout_cathedral_of_symmetry
Zot:4:    layout_concentric_octagons, skrybe_zot_glass_3, grunt_megastairs_5
Zot:5:    layout_gridlike, nrook_zot_tub

Skill      XL: |  1  2  3  4  5  6  7  8  9 10 11 12 13 14 15 16 17 18 19 20 21 22 23 24 25 26 27 |
---------------+----------------------------------------------------------------------------------+-----
Long Blades    | 2 |  2.6
Spellcasting   | 3 4 5 6 8 9 11 12 13 14 15 16 18 19 20 21 22 23 27 | 27.0
Conjurations   | 3 4 5 6 8 9 11 12 13 14 15 16 18 19 20 21 22 23 27 | 27.0
Hexes          | 3 4 5 6 8 9 11 12 13 14 15 16 18 19 20 21 22 23 27 | 27.0
Summonings     | 3 4 5 6 8 9 11 12 13 14 15 16 18 19 20 21 22 23 27 | 27.0
Necromancy     | 3 4 5 6 8 9 11 12 13 14 15 16 18 19 20 21 22 23 27 | 27.0
Translocations | 3 4 5 6 8 9 11 12 13 14 15 16 18 19 20 21 22 23 27 | 27.0
Fire Magic     | 3 4 5 6 8 9 11 12 13 14 15 16 18 19 20 21 22 23 27 | 27.0
Ice Magic      | 3 4 5 6 8 9 11 12 13 14 15 16 18 19 20 21 22 23 27 | 27.0
Air Magic      | 3 4 5 6 8 9 11 12 13 14 15 16 18 19 20 21 22 23 27 | 27.0
Earth Magic    | 3 4 5 6 8 9 11 12 13 14 15 16 18 19 20 21 22 23 27 | 27.0
Alchemy        | 3 4 5 6 8 9 11 12 13 14 15 16 18 19 20 21 22 23 27 | 27.0
Armour         | 2 3 4 5 7 9 10 12 13 15 16 17 18 19 20 | 20.4
Dodging        | 3 4 5 6 7 8 13 | 13.5
Fighting       | 3 4 5 6 8 9 11 12 | 12.5
Short Blades   | 1 2 |  2.4
Stealth        | 1 2 3 4 8 |  8.0
Throwing       | 1 |  1.9
Staves         | 2 4 6 7 |  7.8
Evocations     | 1 3 4 6 12 | 12.2
Shields        | 6 7 10 11 13 14 15 16 17 18 19 20 23 | 23.3
Axes           | 1 2 3 |  3.6
Ranged Weapons | |  0.9

Action                     |  1- 3 |  4- 6 |  7- 9 | 10-12 | 13-15 | 16-18 | 19-21 | 22-24 | 25-27 || total
---------------------------+-------+-------+-------+-------+-------+-------+-------+-------+-------++-------
  Melee: Falchion          |    66 |     5 |       |       |       |       |       |       |       ||    71
         Punch             |     1 |       |       |       |       |       |       |       |       ||     1
         Dagger            |       |    18 |       |       |       |       |       |       |       ||    18
         Short sword       |       |       |    15 |     1 |       |       |       |       |       ||    16
         Lajatang          |       |       |       |   169 |    93 |       |       |       |       ||   262
         War axe           |       |       |       |       |    40 |    88 |     9 |     5 |       ||   142
   Fire: Sling             |       |       |       |       |       |       |       |     7 |     4 ||    11
  Throw: Boomerang         |       |       |     3 |     5 |       |     1 |       |       |       ||     9
         Dart              |       |       |     1 |       |       |       |       |       |       ||     1
         Javelin           |       |       |       |       |       |     2 |       |       |       ||     2
   Cast: Sting             |    18 |    94 |   158 |    66 |     6 |     4 |       |       |       ||   346
         Momentum Strike   |       |     6 |     6 |    16 |       |     3 |       |     2 |       ||    33
         Teleport Other    |       |     1 |       |       |       |       |       |       |       ||     1
         Tukima's Dance    |       |       |    11 |    37 |     8 |    20 |     2 |       |     2 ||    80
         Blink             |       |       |     5 |    11 |       |     6 |     6 |     2 |    11 ||    41
         Summon Lightning  |       |       |     5 |    65 |    62 |    63 |    25 |    15 |     6 ||   241
         Manifold Assault  |       |       |       |     3 |       |       |       |       |       ||     3
         Irradiate         |       |       |       |    50 |    58 |    81 |    44 |    25 |   153 ||   411
         Summon Forest     |       |       |       |       |    26 |    43 |    31 |    21 |    25 ||   146
         Plasma Beam       |       |       |       |       |       |   265 |   455 |   537 |   976 ||  2233
         Vhi's Electric Ch |       |       |       |       |       |     2 |     2 |       |       ||     4
         Haunt             |       |       |       |       |       |       |     8 |    10 |    17 ||    35
         Summon Horrible T |       |       |       |       |       |       |     2 |    12 |    12 ||    26
         Enfeeble          |       |       |       |       |       |       |       |     2 |     2 ||     4
         Orb of Destructio |       |       |       |       |       |       |       |    52 |   223 ||   275
         Polar Vortex      |       |       |       |       |       |       |       |       |    40 ||    40
         Dragon's Call     |       |       |       |       |       |       |       |       |    20 ||    20
 Invoke: Call Merchant     |       |       |       |       |     3 |     3 |     2 |     1 |     1 ||    10
         Potion Petition   |       |       |       |       |       |       |       |       |     1 ||     1
  Evoke: Wand              |       |       |       |       |       |       |       |     1 |     2 ||     3
         Lightning rod     |       |       |       |       |       |       |       |       |     2 ||     2
    Use: Potion            |       |     2 |     1 |     1 |     1 |       |     1 |       |    10 ||    16
         Scroll            |       |       |     6 |     6 |     7 |     8 |     7 |       |     6 ||    40
   Stab: Sleeping          |       |     1 |       |       |       |       |       |       |       ||     1
         Distracted        |       |       |       |     2 |       |     2 |       |     1 |       ||     5
 Armour: Leather armour    |    47 |    64 |    66 |     1 |       |       |       |       |       ||   178
         Ring mail         |       |       |       |   279 |    12 |       |       |       |       ||   291
         Scale mail        |       |       |       |       |   168 |   260 |   106 |    92 |    14 ||   640
         Acid dragon scale |       |       |       |       |       |       |       |       |   241 ||   241
  Dodge: Dodged            |    35 |    56 |    64 |   164 |    99 |   147 |    77 |   172 |   368 ||  1182
         Repelled          |       |       |       |       |     2 |     9 |     3 |    12 |    24 ||    50
  Block: Buckler           |       |       |       |       |    12 |   146 |    79 |    84 |       ||   321
         Reflection        |       |       |       |       |       |    15 |    20 |    24 |    29 ||    88
         Kite shield       |       |       |       |       |       |       |       |    62 |   136 ||   198
         Tower shield      |       |       |       |       |       |       |       |       |   294 ||   294
